 Dungeon Crawl Stone Soup version 0.21-a0-513-gdcb3f5e (webtiles) character file.

58 slep the Sneak (level 4, -3/23 HPs)
             Began as a Vine Stalker Assassin on Dec 3, 2017.
             Slain by an iguana (10 damage)
             ... on level 2 of the Dungeon.
             The game lasted 00:04:21 (1068 turns).

slep the Sneak (Vine Stalker Assassin)              Turns: 1068, Time: 00:04:21

Health: -3/23      AC:  5    Str: 15    XL:     4   Next: 1%
Magic:  0/5        EV: 11    Int: 11    God:
Gold:   79         SH:  0    Dex: 15    Spells: 3/3 levels left

rFire    . . .     SeeInvis .   s - +0 spear
rCold    + . .     Gourm    .   (no shield)
rNeg     . . .     Faith    .   t - +0 leather armour
rPois    .         Spirit   +   (no helmet)
rElec    .         Reflect  .   d - +0 cloak
rCorr    .         Harm     .   r - +0 pair of gloves
MR       .....                  (no boots)
Stlth    +++.......             (no amulet)
HPRegen  0.47/turn              k - ring of flight
MPRegen  0.09/turn              m - ring of protection from cold

@: no status effects
A: fangs 2, regeneration 1, magic shield, antimagic bite, no potion heal 3, rot
immunity
a: Evoke Flight


You were on level 2 of the Dungeon.
You were hungry.

You visited 1 branch of the dungeon, and saw 2 of its levels.

You collected 79 gold pieces.

Inventory:

Hand Weapons
 a - a +2 dagger
 b - a +0 blowgun
 s - a +0 spear (weapon)
Missiles
 e - 8 poisoned needles
 f - 2 curare-tipped needles
Armour
 c - a +0 robe
 d - a +0 cloak (worn)
 r - a +0 pair of gloves (worn)
 t - a +0 leather armour (worn)
Jewellery
 k - a ring of flight (left hand)
 m - a ring of protection from cold (right hand)
Scrolls
 j - a scroll of enchant weapon {unknown}
 l - 2 scrolls of remove curse {unknown}
 n - 2 scrolls of enchant armour {unknown}
 p - a scroll of blinking {unknown}
 q - a scroll of amnesia {unknown}
 u - a scroll of identify {unknown}
Potions
 o - 2 potions of heal wounds {unknown}
Comestibles
 g - 2 bread rations
 h - a meat ration
 i - 3 royal jellies


   Skills:
 + Level 2.1 Fighting
 + Level 2.0 Short Blades
 + Level 0.4 Polearms
 + Level 2.0 Throwing
 + Level 1.1 Dodging
 + Level 6.0 Stealth


You had 3 spell levels left.
You didn't know any spells.

Dungeon Overview and Level Annotations

Branches:
Dungeon (2/15)

Altars:
Ru


Innate Abilities, Weirdness & Mutations

You have extremely sharp teeth.
Your natural rate of healing is unusually fast.
When hurt, damage is shared between your health and your magic reserves.
Your bite disrupts and absorbs the magic of your enemies.
Potions cannot restore your health.
You are immune to rotting.


Message History

The iguana is heavily wounded.
The iguana misses you.
You barely miss the iguana.
The iguana is heavily wounded.
The iguana hisses menacingly.
The iguana closely misses you.
You hit the iguana. Your bite misses the iguana.
The iguana is severely wounded.
The iguana bites you but does no damage.
You hit the iguana but do no damage.
The iguana is severely wounded.
The iguana barely misses you.
You hit the iguana but do no damage. You bite the iguana, but do no damage.
The iguana is severely wounded.
The iguana bites you.
* * * LOW HITPOINT WARNING * * *
You closely miss the iguana. Your bite misses the iguana.
The iguana is severely wounded.
The iguana bites you!
You die...

#. #. #. #.#
###### #.# .....#
##.###.....##
#####....@l......
........##.....##
####.....#.....#
##...########
##.## #.# #.#
##'## ### ###
##...## ###..
..###


You could see an iguana.

Vanquished Creatures
  An adder (D:2)
  2 worms (D:2)
  2 dart slugs (D:1)
  A leopard gecko (D:1)
  3 giant cockroaches
  4 goblins
  4 hobgoblins
  6 jackals (D:1)
  A kobold (D:1)
  2 ball pythons (D:2)
  A bat (D:2)
  A frilled lizard (D:1)
  8 rats
36 creatures vanquished.

Notes
Turn   | Place    | Note
-------+----------+-------------------------------------------
     0 | D:1      | slep the Vine Stalker Assassin began the quest for the Orb.
     0 | D:1      | Reached XP level 1. HP: 11/11 MP: 2/2
   118 | D:1      | Reached skill level 5 in Stealth
   140 | D:1      | Reached XP level 2. HP: 11/15 MP: 3/3
   454 | D:1      | Reached XP level 3. HP: 7/18 MP: 2/4
   672 | D:2      | Reached skill level 1 in Dodging
   731 | D:2      | Found a sacrificial altar of Ru.
   762 | D:2      | Found a faded altar of an unknown god.
   843 | D:2      | Reached skill level 6 in Stealth
   985 | D:2      | Gained mutation: Your natural rate of healing is unusually fast. [Vine Stalker growth]
   985 | D:2      | Reached XP level 4. HP: 20/23 MP: 5/5
  1068 | D:2      | Slain by an iguana

Vault maps used:
D:1:      erik_arrival_triangle_medium, minmay_misc_feat_chi,
          corexii_leaking_fountain
D:2:      nicolae_ru_awakened_eye, chequers_ecumenical_altar_simple_redux,
          minmay_pentomino_r4

Skill      XL: |  1  2  3 |
---------------+----------+-----
Stealth        | 5 6 |  6.0
Throwing       | 2 |  2.0
Dodging        | 1 |  1.1
Fighting       | 2 |  2.1
Short Blades   | 2 |  2.0
Polearms       | |  0.4

Action                   |  1- 3 |  4- 6 || total
-------------------------+-------+-------++-------
Melee: Dagger            |    56 |       ||    56
       Bite              |    19 |     4 ||    23
       Spear             |    47 |    15 ||    62
 Stab: Sleeping          |    11 |       ||    11
Armor: Robe              |    17 |       ||    17
       Leather armour    |     7 |     3 ||    10
Dodge: Dodged            |    46 |     7 ||    53

Table legend:
 A = Spawn XP
 B = Non-spawn XP
 C = Spawn XP percentage of total XP
 D = Spawn monster count
 E = Non-spawn monster count
 F = Spawn count percentage of total count
 G = Total turns spent on level
                    A         B        C        D         E        F      G
               +---------+---------+-------+---------+---------+-------+---------
         Total |       0 |      83 |   0.0 |       0 |      36 |   0.0 |  1068
               +---------+---------+-------+---------+---------+-------+---------
           D:1 |       0 |      42 |   0.0 |       0 |      21 |   0.0 |   635
           D:2 |       0 |      41 |   0.0 |       0 |      15 |   0.0 |   433
               +---------+---------+-------+---------+---------+-------+---------
